Cogmind - Beta 12 @@@ ROGUE MODE // 2023.04.19 @ 22:09:24 Player: alice_fexa Result: Destroyed by MAIN.C with Omega Cannon Performance ------------- Evolutions (9) 4500 Regions Visited (28) 5600 Robots Destroyed (287) 1435 Value Destroyed (12812) 12812 Prototype IDs (79) 1580 Alien Tech Used (2) 400 Bonus (20035) 20035 TOTAL SCORE: 46362 Bonus ------- High Alert Combat Kills 1466 Follower Combat Kills 775 Aligned with FarCom 300 Met Data Miner 300 Met Zhirov 300 Met Warlord at Base 500 MAIN.C Attacked Warlord 500 Warlord Defense Kills 516 Met Warlord at Research 2000 Invited to Help at Command 2000 Destroyed MAIN.C Guards 500 Met MAIN.C 5000 Destroyed MAIN.C Shell 5000 Met Warlord at Command 2000 Friendly Fire -1122 Cogmind --------- Core Integrity 0/1600 Matter 300/300 Energy 65/100 System Corruption 22% Temperature Cool (0) Movement Core (200) Ox3 Location -1/Command Parts ------- > --- POWER (2) -------- (None) > --- PROPULSION (6) --- (None) > --- UTILITY (13) ----- Advanced Targeting Computer Experimental Core Analyzer Improved Armor Integrity Analyzer Graphene Brace > --- WEAPON (4) ------- RU-N14's Throwing Claymores v3 > --- INVENTORY (5) ---- Precision Energy Filter Improved Particle Charger Experimental Thermal Shield Transdimensional Reconstructor RU-N14's Throwing Claymores v3 (10) Peak State ------------ > --- POWER ------------ Neutrino-Zero Core > --- PROPULSION ------- Myomer-Antigrav Exoskeleton > --- UTILITY ---------- Armored Scrap Engine Advanced Cooling System Advanced Cooling System High-capacity Storage Unit Enhanced Optical Array Experimental Targeting Computer Experimental Core Analyzer Improved Armor Integrity Analyzer Precision Energy Filter Advanced Weapon Cycler Beam Splitter EM Disruption Field > --- WEAPON ----------- Kinetic Phase Construct/G Hyp. Ballistic Rail Construct/C Plasma Lance > --- INVENTORY -------- Advanced Coolant Injector Improved Energy Well Experimental Matter Compressor Advanced Gravity Neutralizer Advanced Kinecellerator Improved Transmission Jammer Advanced Phase Shifter Graphene Brace Experimental Thermal Shield Transdimensional Reconstructor Compact Tesla Bomb Launcher Fusion Bomb Launcher RU-N14's Throwing Claymores v3 RU-N14's Throwing Claymores v3 RU-N14's Throwing Claymores v3 RU-N14's Throwing Claymores v3 RU-N14's Throwing Claymores v3 Vortex Lance Vortex Lance [Rating: 206] Favorites ----------- Power Constructs Engine Cooled Ion Engine Power Core Constructs Propulsion Constructs Treads Light Treads Leg Constructs Wheel Compact Wheel Flight Unit Improved Flight Unit Utility Armored Scrap Engine Device Armored Scrap Engine Storage High-capacity Storage Unit Processor Enhanced Optical Array Hackware Improved Hacking Suite Protection Hardened Light Armor Plating Weapon Constructs Energy Gun Constructs Energy Cannon Heavy Proton Cannon Ballistic Gun Shotgun Ballistic Cannon Constructs Launcher Rocket Launcher Special Weapon RU-N14's Throwing Claymores v3 Impact Weapon Mace Slashing Weapon Ripper Piercing Weapon Kinetic Spear Special Melee Weapon Advanced Datajack Build | -11 -10 -10 -10 -9 -8 -8 -8 -6 -6 -6 -6 -5 -5 -5 -5 -5 -4 -4 -4 -4 -4 -4 -4 -3 -3 -2 -1 -1 ------- Run | Jun Mat Min Exi Min Mat Sto Rec Fac Low Low Dat Pro Fac Upp Upp Zhi Pro Fac Was Fac Upp Upp War Pro Res Res Acc Com Slots Evolved 18 | . . . . . 4 . . 4 . . . . 2 . . . . 2 . . . . . . 2 2 2 . Power 1 | . . . . . . . . . . . . . 1 . . . . . . . . . . . . . . . Propulsion 4 | . . . . . 1 . . 1 . . . . . . . . . 1 . . . . . . . 1 . . Utility 11 | . . . . . 3 . . 2 . . . . 1 . . . . 1 . . . . . . 1 1 2 . Weapon 2 | . . . . . . . . 1 . . . . . . . . . . . . . . . . 1 . . . Parts Attached 276 | 6 12 1 . 2 28 27 6 15 . 2 . 13 8 5 4 2 1 6 . 9 8 2 17 5 28 16 5 48 Power 6 | 1 1 . . . 2 2 . . . . . . . . . . . . . . . . . . . . . . Engine 3 | 1 . . . . 1 1 . . . . . . . . . . . . . . . . . . . . . . Core 3 | . 1 . . . 1 1 . . . . . . . . . . . . . . . . . . . . . . Reactor . | . . . . . . . . . . . . . . . . . . . . . . . . . . . . . Propulsion 17 | 2 3 . . 1 6 5 . . . . . . . . . . . . . . . . . . . . . . Treads 12 | 1 1 . . . 6 4 . . . . . . . . . . . . . . . . . . . . . . Leg . | . . . . . . . . . . . . . . . . . . . . . . . . . . . . . Wheel 4 | 1 2 . . 1 . . . . . . . . . . . . . . . . . . . . . . . . Hover . | . . . . . . . . . . . . . . . . . . . . . . . . . . . . . Flight 1 | . . . . . . 1 . . . . . . . . . . . . . . . . . . . . . . Utility 150 | 1 3 . . . 7 1 1 10 . . . 7 7 5 2 1 1 5 . 9 6 1 11 4 18 12 5 33 Device 117 | . 1 . . . 2 . 1 3 . . . 6 5 5 2 1 1 4 . 9 6 1 10 4 17 7 3 29 Storage 7 | 1 1 . . . . . . 1 . . . . 1 . . . . 1 . . . . 1 . . . 1 . Processor 12 | . . . . . 1 . . 3 . . . . 1 . . . . . . . . . . . 1 3 1 2 Hackware 2 | . . . . . . . . . . . . . . . . . . . . . . . . . . . . 2 Protection 12 | . 1 . . . 4 1 . 3 . . . 1 . . . . . . . . . . . . . 2 . . Artifact . | . . . . . . . . . . . . . . . . . . . . . . . . . . . . . Weapon 103 | 2 5 1 . 1 13 19 5 5 . 2 . 6 1 . 2 1 . 1 . . 2 1 6 1 10 4 . 15 Energy Gun 20 | 1 . . . . 4 12 2 1 . . . . . . . . . . . . . . . . . . . . Energy Cannon 3 | . . . . . . 1 . . . . . 1 1 . . . . . . . . . . . . . . . Ballistic Gun 9 | 1 3 . . 1 3 1 . . . . . . . . . . . . . . . . . . . . . . Ballistic Cannon . | . . . . . . . . . . . . . . . . . . . . . . . . . . . . . Launcher 23 | . 2 1 . . 3 3 . . . 1 . 2 . . 2 . . . . . 1 1 . 1 2 1 . 3 Special Weapon 5 | . . . . . . . . . . . . . . . . . . . . . . . 1 . . . . 4 Impact Weapon 5 | . . . . . 3 2 . . . . . . . . . . . . . . . . . . . . . . Slashing Weapon 18 | . . . . . . . 3 4 . 1 . 3 . . . . . . . . 1 . 4 . 2 . . . Piercing Weapon 19 | . . . . . . . . . . . . . . . . 1 . . . . . . 1 . 6 3 . 8 Special Melee Weapon 1 | . . . . . . . . . . . . . . . . . . 1 . . . . . . . . . . Unidentified Prototypes 33 | . . . . . . 10 . 1 . . . 3 1 . . 1 . 1 . 1 . . 5 . 3 5 1 1 Corrupted Parts 1 | . . . . . . . . . . . . . . . . . . . . . . . . 1 . . . . System Corruption 7 | . . . . . . . . . . . . . . . . . . . . . . . . 7 . . . . Parts Lost 45 | . . . . 1 1 1 . . . . . 4 1 . 2 . 4 . . . . . . 2 5 . . 24 Power 3 | . . . . . . . . . . . . . . . . . 1 . . . . . . . . . . 2 Propulsion 8 | . . . . 1 . . . . . . . . . . . . . . . . . . . . 1 . . 6 Utility 24 | . . . . . 1 1 . . . . . 2 1 . . . 1 . . . . . . 2 4 . . 12 Weapon 10 | . . . . . . . . . . . . 2 . . 2 . 2 . . . . . . . . . . 4 Highest Loss Streak 21 | . . . . 1 1 1 . . . . . 1 1 . 1 . 4 . . . . . . 1 2 . . 21 To Critical Strikes . | . . . . . . . . . . . . . . . . . . . . . . . . . . . . . Average Slot Usage (%) 74 | . 98 100 100 93 99 99 70 71 73 73 73 71 69 70 70 70 68 62 63 68 68 68 67 67 67 64 67 67 Engine 1 | . 12 . . . . 4 . 4 4 . 1 1 . . . . . . . . . . . . . . . . Core 3 | . 1 14 14 14 9 4 9 . 1 6 4 4 5 5 5 5 5 5 5 . . . . 2 . . . . Reactor 1 | . . . . . . . . . . . . . . . . . . . . 4 5 5 4 2 4 4 4 3 Treads 4 | . 14 14 14 14 19 26 4 . . . . 1 . . . . . . . . 5 . . . . . . . Leg 2 | . . . . . . . 3 4 6 6 6 4 5 5 1 . . . . . . 4 3 3 . 2 1 1 Wheel 1 | . 13 14 14 8 7 . 1 . . . . . . . . . . . . . . . . . . 1 . . Device 18 | . 13 14 14 14 17 18 9 13 13 13 13 16 16 17 17 17 16 21 21 21 21 21 20 24 25 21 23 24 Storage 6 | . 14 14 14 14 9 9 9 6 6 6 6 6 5 5 5 5 5 5 5 5 5 5 5 5 4 4 4 3 Processor 12 | . . . . . 8 9 9 12 13 13 13 13 17 17 17 17 17 15 15 15 15 15 15 10 10 13 18 18 Protection 2 | . . . . . 8 9 9 6 6 6 6 2 . . . . . . . . . . . . . 2 1 . Energy Gun 4 | . . . . . 8 15 7 4 4 . . 3 . . . . . . . 5 5 5 8 1 3 . 4 3 Energy Cannon 1 | . . . . . . . . 2 . . . 1 5 5 5 5 5 2 . . . . . 6 2 5 . 1 Ballistic Gun 2 | . 26 17 14 28 6 . 3 1 . . . 2 . . . . . . . 1 1 . . . 2 . . . Ballistic Cannon 2 | . . . . . . . . 2 7 13 13 2 4 5 5 5 4 2 5 2 3 5 . 1 . 2 3 2 Slashing Weapon 2 | . . . . . . . 5 5 6 5 6 5 5 5 . . . . . . . 2 3 3 . . . . Piercing Weapon 1 | . . . . . . . . . . . . . . . . 3 4 . . . . . . . 3 3 4 3 Naked Turns . | . . . . . . . . . . . . . . . . . . . . . . . . . . . . . Heaviest Build 121 | 12 32 32 32 32 42 41 40 53 53 56 52 54 68 70 72 70 69 53 52 70 91 92 90 79 90 98 104 121 Greatest Support 250 | 10 10 10 10 20 60 60 60 101 78 78 78 128 128 128 128 128 128 128 106 132 89 158 146 147 138 145 174 250 Greatest Overweight (x) 4 | 1 4 3 3 1 2 . 2 1 . . . . . . . . . . . . 1 . 1 . 1 1 . 1 Average Overweight (x) . | . 1 3 3 1 1 . . . . . . . . . . . . . . . . . . . . . . . Largest Inventory Capacity 20 | 8 15 15 15 15 15 15 15 15 15 15 15 15 20 20 20 20 20 20 20 20 20 20 20 20 20 20 20 20 Average Capacity 17 | 7 13 15 15 15 15 15 15 15 15 15 15 15 16 20 20 20 20 20 20 20 20 20 20 20 20 20 20 19 Most Carried 20 | 4 15 15 15 15 15 15 15 15 15 15 14 15 18 19 20 20 20 19 19 20 20 20 20 20 20 20 19 20 Average Carried 16 | 2 12 15 14 15 14 14 9 12 15 14 14 14 15 18 18 19 19 18 19 19 19 20 19 19 19 19 18 18 Final Capacity 20 | 8 15 15 15 15 15 15 15 15 15 15 15 15 20 20 20 20 20 20 20 20 20 20 20 20 20 20 20 5 Final Carried 20 | 4 15 15 15 15 15 15 10 15 15 14 14 15 18 19 20 20 19 19 19 20 20 20 20 19 20 20 19 5 Scrap Engine Consumption 571 | . . . . . . . 46 71 2 2 . 34 36 1 5 5 5 6 6 11 13 6 49 12 106 65 18 72 Constructs Created 9 | . . . . . . . 2 3 . . . 1 1 . . . . . . 1 . . . . 1 . . . Constructs Modified 230 | . . . . . . . 13 29 4 . 1 16 9 5 3 1 2 3 . 9 3 6 19 8 36 16 13 34 Class Distribution -------------------- 58% | Construct 18% | Mutant 13% | Scavenger-Construct 4% | Commander-Construct 3% | Scavenger-Mutant Dominant Class ---------------- Mutant | -10/Materials Mutant | -10/Mines Mutant | -10/Exiles Mutant | -9/Mines Scavenger-Mutant | -8/Materials Mutant | -8/Storage Commander-Construct | -8/Recycling Construct | -6/Factory Construct | -6/Lower Caves Construct | -6/Lower Caves Construct | -6/Data Miner Construct | -5/Proximity Caves Construct | -5/Factory Construct | -5/Upper Caves Construct | -5/Upper Caves Construct | -5/Zhirov Construct | -4/Proximity Caves Mutant | -4/Factory Mutant | -4/Waste Construct | -4/Factory Construct | -4/Upper Caves Construct | -4/Upper Caves Construct | -4/Warlord Construct | -3/Proximity Caves Construct | -3/Research Construct | -2/Research Scavenger-Construct | -1/Access Scavenger-Construct | -1/Command Resources | -11 -10 -10 -10 -9 -8 -8 -8 -6 -6 -6 -6 -5 -5 -5 -5 -5 -4 -4 -4 -4 -4 -4 -4 -3 -3 -2 -1 -1 ----------- Run | Jun Mat Min Exi Min Mat Sto Rec Fac Low Low Dat Pro Fac Upp Upp Zhi Pro Fac Was Fac Upp Upp War Pro Res Res Acc Com Matter Collected 6720 | 196 312 . . 125 591 331 86 332 20 122 . 387 100 66 45 30 152 . . 190 372 79 696 123 412 165 137 1651 Remotely . | . . . . . . . . . . . . . . . . . . . . . . . . . . . . . Salvage Created 15282 | . 326 . . 206 822 1280 1056 645 55 354 . 948 322 144 285 124 127 114 . 190 492 132 272 663 1935 522 562 3706 Parts 657 | . 18 . . 8 68 39 37 31 1 13 . 44 16 1 14 1 5 1 . 9 14 3 5 19 148 22 20 120 Haulers Intercepted 9 | . . . . . . 2 . 2 . . . . 1 . . . . 1 . . . . . . . 2 1 . Recyclers Shooed 11 | . . . . 1 2 2 4 . . . . . . . . . . . . 1 . . . . . . . 1 Parts Field Recycled . | . . . . . . . . . . . . . . . . . . . . . . . . . . . . . Retrieved Matter . | . . . . . . . . . . . . . . . . . . . . . . . . . . . . . Parts Self-Destructed 49 | . . . . . . . . . . 3 . 22 . . 9 1 6 . . . 3 1 . 4 . . . . Prevented 40 | . . . . . . . . . 1 . . 18 . . 4 . . . . . 9 . . 8 . . . . Kills | -11 -10 -10 -10 -9 -8 -8 -8 -6 -6 -6 -6 -5 -5 -5 -5 -5 -4 -4 -4 -4 -4 -4 -4 -3 -3 -2 -1 -1 ------- Run | Jun Mat Min Exi Min Mat Sto Rec Fac Low Low Dat Pro Fac Upp Upp Zhi Pro Fac Was Fac Upp Upp War Pro Res Res Acc Com Combat Hostiles Destroyed 190 | . 7 . . 2 23 15 2 6 1 4 . 19 3 . 5 . 2 . . 2 6 4 4 14 23 4 2 42 Melee 6 | . . . . . . . 1 . . . . . . . . . . . . . . . . . 4 . . 1 Guns 64 | . 4 . . 2 6 12 1 3 . . . 9 . . . . . . . 1 1 . 4 2 13 1 1 4 Cannons 50 | . . . . . . . . 3 1 1 . 3 3 . 4 . 2 . . . 1 . . 6 6 3 1 16 AOE 62 | . 3 . . . 17 3 . . . 3 . 5 . . 1 . . . . . . 4 . 5 . . . 21 Classes Destroyed 21 | . 4 . . . 6 3 1 1 . . . 2 . . . . . . . . . . 3 . . . . 1 Worker 16 | . . . . . 4 1 . 2 . . . . . . . . . . . . . . . . 1 1 2 5 Builder 12 | . . . . . 3 2 1 1 . . . . . . . . . . . . . . . . 4 . 1 . Tunneler 3 | . . . . . 2 . . . . . . . . . . . . . . . . . . . 1 . . . Hauler 9 | . . . . . . 2 . 2 . . . . 1 . . . . 1 . . . . . . . 2 1 . Recycler 19 | . 2 . . 2 1 2 9 . . . . . . . . . . . . . . . . . . . . 3 Mechanic 5 | . . . . . . 2 . . . . . . . . . . . . . . . . . . . . 1 2 Operator 6 | . . . . . 1 1 . . . . . . 1 . . . . . . . . . . . . . 1 2 Drone 2 | . . . . . . . . . . . . 2 . . . . . . . . . . . . . . . . Watcher 23 | . 1 . . . 3 1 . 2 . . . . 1 . . . . . . 1 . . . . 7 1 3 3 Swarmer 42 | . 3 . . . 7 . . . . 3 . 5 . . . . . . . . . 4 . 7 . 2 . 11 Saboteur 3 | . . . . . . . . . . . . . . . . . . . . . . . 1 . . . . 2 Grunt 56 | . 4 . . 2 12 9 1 . 1 . . 7 . . 2 . 1 . . . 4 . 1 2 2 . 1 7 Brawler 8 | . . . . . 1 2 . . . . . . . . . . . . . . . . 1 1 . . . 3 Duelist 8 | . . . . . . . . . . . . 2 . . . . . . . . . . . 1 . . . 5 Protector 3 | . . . . . . . 1 . . . . 1 . . . . . . . . . . . . . . . 1 Sentry 19 | . . . . . 3 3 . 1 . 1 . 1 1 . . . . . . 2 . . . 1 3 1 . 2 Hunter 11 | . . . . . . 1 . 3 . . . . . . 2 . . . . . . . . 2 2 1 . . Programmer 32 | . . . . . . . . 2 . . . 1 2 . 1 . 1 . . . 2 . . . 16 . 1 6 M Guard 1 | . . . . . . . . . . . . . . . . . . . . . . . . . . . . 1 Combat Programmer 2 | . . . . . . . . . . . . . . . . . . . . . . . . . . . . 2 Striker 1 | . . . . . . . . . . . . . . . . . . . . . . . 1 . . . . . Decomposer 3 | . . . . . . . . . 1 1 . . . 1 . . . . . . . . . . . . . . Wasp 1 | . . . . . . . . . . . . . . . . . . . . . . . . . . . . 1 Thug 1 | . . . . . . 1 . . . . . . . . . . . . . . . . . . . . . . Savage 1 | . . . . . . . . . . . . . . . . . . . . . 1 . . . . . . . Mutant 1 | . . . . . . . . . . . . . . . . . . . . . . . 1 . . . . . Troll 1 | . . . . . . . . . . . . . . . . . . . . . . . . . . . . 1 Best Kill Streak 16 | . 4 . . 4 16 11 3 2 1 4 . 5 2 . 3 . 1 1 . 3 4 4 2 7 6 2 3 9 Combat Bots Only 11 | . 3 . . 2 11 7 1 1 1 4 . 5 2 . 3 . 1 . . 1 4 4 2 7 4 2 1 8 Max Kills in Single Turn 5 | . 2 . . 1 5 3 1 1 1 3 . 2 2 1 1 . 1 1 . 1 1 3 1 3 3 1 2 4 Gunslinging . | . . . . . . . . . . . . . . . . . . . . . . . . . . . . . Exploded 5 | . 2 . . . 5 2 . . . 3 . 2 . . 1 . . . . . . 3 . 3 . . . 3 Melee 1 | . . . . . . . 1 . . . . . . . . . . . . . . . . . 1 . . 1 Uniques/NPCs Destroyed 1 | . . . . . . . . . . . . . . . . . . . . . . . . . . . . 1 MAIN.C Shell (-1/Command) Combat | -11 -10 -10 -10 -9 -8 -8 -8 -6 -6 -6 -6 -5 -5 -5 -5 -5 -4 -4 -4 -4 -4 -4 -4 -3 -3 -2 -1 -1 -------- Run | Jun Mat Min Exi Min Mat Sto Rec Fac Low Low Dat Pro Fac Upp Upp Zhi Pro Fac Was Fac Upp Upp War Pro Res Res Acc Com Damage Taken 21998 | . 148 . . 115 488 993 214 309 55 524 . 1713 588 . 383 . 1062 . . 479 549 144 347 673 2542 527 75 10070 Core 2839 | . 10 . . 12 34 144 66 48 . 31 . 245 21 . 21 . 87 . . . 124 17 30 45 150 85 . 1669 Absorbed by Shields 66 | . . . . . . . 48 18 . . . . . . . . . . . . . . . . . . . . Regen/Repaired (Parts) 7184 | . . . . . . . 56 178 . . 16 959 127 220 377 75 105 317 . 503 . 198 412 552 1165 307 192 1425 Core Remaining (%) 82 | 100 . . . 91 . . 55 . . . . 61 . . . . 87 . . . . . . 81 88 94 . . Volleys Fired 761 | . 19 . . 9 48 79 13 33 3 10 . 63 13 . 39 . 13 10 . 31 24 13 23 29 108 28 25 128 Largest 3 | . 2 . . 2 2 2 2 2 2 3 . 3 2 . 3 . 2 1 . 2 3 1 2 2 3 2 2 3 Hottest 337 | . 46 . . 46 130 130 116 133 114 150 . 150 222 . 258 . 222 149 . 231 267 52 135 135 200 248 271 337 Shots Fired 1258 | . 36 . . 18 83 141 21 56 4 18 . 117 25 . 55 . 23 10 . 40 45 13 24 49 186 39 35 220 Gun 708 | . 34 . . 18 70 135 21 28 3 . . 87 . . . . . . . 31 30 10 24 12 97 3 10 95 Cannon 482 | . . . . . . . . 28 1 14 . 24 25 . 53 . 23 10 . 9 9 . . 31 88 36 25 106 Launcher 57 | . 2 . . . 13 6 . . . 4 . 6 . . 2 . . . . . 6 3 . 6 1 . . 8 Special 11 | . . . . . . . . . . . . . . . . . . . . . . . . . . . . 11 Kinetic 458 | . 34 . . 18 46 . 4 10 1 14 . 46 12 . 19 . 10 . . . 18 10 20 14 69 . 6 107 Thermal 574 | . . . . . 24 135 17 28 3 . . 30 7 . 34 . 13 6 . 31 21 . 1 . 100 35 10 79 Explosive 56 | . 2 . . . 13 6 . . . 4 . 3 . . . . . . . . . 3 . 6 1 . . 18 Electromagnetic 169 | . . . . . . . . 18 . . . 38 6 . 2 . . 4 . 9 6 . 2 29 16 4 19 16 Entropic 1 | . . . . . . . . . . . . . . . . . . . . . . . 1 . . . . . Robot Hit Streak 29 | . 8 . . 21 10 14 19 16 1 8 . 17 5 . 5 . 10 7 . 6 12 2 8 14 25 10 10 29 Robot Miss Streak 6 | . 3 . . 1 6 2 1 4 4 1 . 3 4 . 2 . 2 . . 1 1 1 3 3 4 3 2 4 Penetration Max 1 | . . . . . . . . . . . . . . . . . . . . . . . 1 . 1 . . 1 Secondary Targets 3 | . . . . . . 1 . . . . . . . . . . . . . . . . . . 2 . . . Max Gunslinging Chain 1 | . . . . . . 1 . . . . . . . . . . . . . . . . . . 1 . . . Shots Hit Robots 956 | . 31 . . 18 59 99 47 51 2 22 . 81 16 6 22 1 15 6 . 16 29 3 18 29 126 23 21 215 Core Hits 538 | . 18 . . 9 68 40 14 22 1 11 . 44 8 2 9 1 3 2 . 5 15 6 7 24 63 10 14 142 Critical Kills 10 | . . . . . . . . 2 . . . 1 . . . . . . . 1 1 . . . 5 . . . Critical Parts Destroyed 5 | . . . . . . . . . . 2 . . . . . . . . . . . . . . 3 . . . Critical Strikes 41 | . . . . . . 9 2 6 . 2 . 1 . . . . . . . 1 1 . . 1 14 . . 4 Burn 12 | . . . . . . 9 2 1 . . . . . . . . . . . . . . . . . . . . Meltdown 2 | . . . . . . . . . . . . . . . . . . . . 1 1 . . . . . . . Destroy 14 | . . . . . . . . 2 . 2 . 1 . . . . . . . . . . . . 9 . . . Blast 4 | . . . . . . . . . . . . . . . . . . . . . . . . . 3 . . 1 Sever 3 | . . . . . . . . 3 . . . . . . . . . . . . . . . . . . . . Impale 4 | . . . . . . . . . . . . . . . . . . . . . . . . . 1 . . 3 Sunder 2 | . . . . . . . . . . . . . . . . . . . . . . . . 1 1 . . . Melee Attacks 281 | . . . . . 13 17 30 38 10 7 . . 5 6 . 1 3 2 . 3 . 3 . 1 38 7 10 87 Impact 30 | . . . . . 13 17 . . . . . . . . . . . . . . . . . . . . . . Slashing 106 | . . . . . . . 30 38 10 7 . . 5 6 . . . . . . . 3 . 1 6 . . . Piercing 117 | . . . . . . . . . . . . . . . . 1 3 . . . . . . . 32 7 10 64 Entropic 23 | . . . . . . . . . . . . . . . . . . . . . . . . . . . . 23 Sneak Attacks 52 | . . . . . . 2 15 7 1 1 . . . 1 . . . 2 . 3 . . . . 2 4 4 10 Combat Hostiles 4 | . . . . . . . 4 . . . . . . . . . . . . . . . . . . . . . Follow-up Attacks 9 | . . . . . . . . . . . . . . . . . . . . . . . . . 3 . . 6 Damage Inflicted 48879 | . 613 . . 308 2361 2846 2140 1797 108 1000 . 2654 732 373 768 48 620 132 . 423 1205 455 862 1802 5930 1157 1497 19048 Guns 13104 | . 434 . . 308 709 1832 392 423 . . . 1857 . . . . . . . 261 674 . 839 368 2569 64 272 2102 Cannons 13358 | . . . . . . . . 483 20 254 . 354 570 . 669 . 620 132 . 162 124 . . 799 2293 746 847 5285 Explosions 11260 | . 179 . . . 1652 857 . 38 . 402 . 443 120 . 99 . . . . . 407 393 . 635 263 . . 5772 Melee 10810 | . . . . . . 157 1748 853 88 344 . . 33 373 . 48 . . . . . 62 . . 805 347 378 5574 Ramming 32 | . . . . . . . . . . . . . 9 . . . . . . . . . 23 . . . . . Kinetic 11412 | . 434 . . 308 456 . 81 115 20 254 . 670 205 . 507 . 268 . . . 308 . 659 281 1696 . 224 4926 Thermal 11545 | . . . . . 253 1832 311 553 . . . 639 310 . 162 . 352 . . 261 490 . 47 . 2798 686 272 2579 Explosive 10076 | . 179 . . . 1652 857 . . . 402 . 175 . . . . . . . . . 393 . 635 263 . . 5520 Electromagnetic 4617 | . . . . . . . . 276 . . . 1170 175 . 99 . . 132 . 162 407 . 61 886 368 124 623 134 Impact 157 | . . . . . . 157 . . . . . . . . . . . . . . . . . . . . . . Slashing 3869 | . . . . . . . 1748 853 88 344 . . 33 373 . . . . . . . 62 . . 53 . . 315 Piercing 5650 | . . . . . . . . . . . . . . . . 48 . . . . . . . . 752 347 378 4125 Entropic 1521 | . . . . . . . . . . . . . . . . . . . . . . . 72 . . . . 1449 Highest Corruption 22 | . . . . . . . . 3 3 3 3 4 2 2 . . 2 . . . 2 . . 7 5 1 2 22 Average Corruption 2 | . . . . . . . . 1 3 3 3 3 1 1 . . 1 . . . 1 . . 7 1 1 1 7 Corruption Purged 19 | . . . . . . . . . . . . . . 2 . . . . . . 2 . . . 8 1 . 6 Corruption Blocked 11 | . . . . . . . . . . . . . . . . . . . . . . . . . . 11 . . Effects 92 | . . . . . . . . 9 8 7 2 16 . . . . . . . . 1 . . . 13 2 2 32 Message Errors 27 | . . . . . . . . 1 2 3 . 6 . . . . . . . . . . . . 5 . . 10 Matter Fused 22 | . . . . . . . . 3 2 2 . 5 . . . . . . . . 1 . . . 2 1 1 5 Heat Flow Errors 7 | . . . . . . . . . . . . . . . . . . . . . . . . . 1 . . 6 Energy Discharges 13 | . . . . . . . . 2 1 1 . 3 . . . . . . . . . . . . 2 . 1 3 Parts Rejected 2 | . . . . . . . . . . . . . . . . . . . . . . . . . . . . 2 Parts Fused 3 | . . . . . . . . 1 1 . 1 . . . . . . . . . . . . . . . . . Data Loss (minor) 11 | . . . . . . . . 1 2 . 1 1 . . . . . . . . . . . . 2 . . 4 Data Loss (major) 1 | . . . . . . . . . . . . 1 . . . . . . . . . . . . . . . . Misfires 1 | . . . . . . . . . . . . . . . . . . . . . . . . . 1 . . . Alerts 3 | . . . . . . . . 1 . 1 . . . . . . . . . . . . . . . 1 . . Misdirections 1 | . . . . . . . . . . . . . . . . . . . . . . . . . . . . 1 Weapon Failures 1 | . . . . . . . . . . . . . . . . . . . . . . . . . . . . 1 Overload Shots . | . . . . . . . . . . . . . . . . . . . . . . . . . . . . . Overflow Damage 2476 | . . . . . . 107 259 155 72 150 . 15 1 156 26 . 30 . . . . 8 . 85 302 120 242 748 Projectiles 642 | . . . . . . . . . . . . 14 1 . 26 . 30 . . . . . . 48 199 42 101 181 Explosions 381 | . . . . . . . . . . 54 . 1 . . . . . . . . . 8 . 37 62 . . 219 Melee 1453 | . . . . . . 107 259 155 72 96 . . . 156 . . . . . . . . . . 41 78 141 348 Knockbacks 33 | . . . . . . . . . . . . . 1 . 3 . 3 . . . 3 . . 4 7 . . 12 Impact . | . . . . . . . . . . . . . . . . . . . . . . . . . . . . . Kinetic 29 | . . . . . . . . . . . . . 1 . 3 . 3 . . . 3 . . 3 4 . . 12 Secondary 4 | . . . . . . . . . . . . . . . . . . . . . . . . 1 3 . . . Self-Inflicted Damage 313 | . . . . . 14 152 . . . . . . . . . . . . . . 12 51 . . 62 . . 22 Shots 9 | . . . . . 1 3 . . . . . . . . . . . . . . 1 1 . . 1 . . 2 Rammed . | . . . . . . . . . . . . . . . . . . . . . . . . . . . . . Targets Rammed 2 | . . . . . . . . . . . . . 1 . . . . . . . . . 1 . . . . . Kicked 2 | . . . . . . . . . . . . . 1 . . . . . . . . . 1 . . . . . Crushed . | . . . . . . . . . . . . . . . . . . . . . . . . . . . . . Highest Temperature 382 | . 4 . . 21 111 73 114 . . 5 . 87 219 . 45 . 256 152 . 263 382 . 78 37 353 156 239 274 Average Temperature 70 | . 3 . . 12 30 31 37 . . 5 . 19 103 . 14 . 82 61 . 95 113 . 19 12 77 36 74 110 Received Heat Transfer 2502 | . 81 . . 66 297 369 81 7 12 66 . 414 9 . 9 . 153 . . 27 111 . 91 63 196 45 . 405 Effects 3 | . . . . . . . . . . . . . . . . . . . . 1 . . . . . . . 2 Energy Bleed 1 | . . . . . . . . . . . . . . . . . . . . 1 . . . . . . . . Interference 2 | . . . . . . . . . . . . . . . . . . . . . . . . . . . . 2 Siege Activations . | . . . . . . . . . . . . . . . . . . . . . . . . . . . . . Robots Corrupted 8 | . . . . . . . . . . . . 2 . . . . . . . 1 3 . . 1 . 1 . . Combat Hostiles 7 | . . . . . . . . . . . . 2 . . . . . . . 1 3 . . 1 . . . . Parts Fried 43 | . . . . . . 3 . 2 . . . 8 1 . 1 . . 1 . 1 5 . 1 6 1 1 8 4 Impact Corruptions 5 | . . . . . . 5 . . . . . . . . . . . . . . . . . . . . . . Robots Melted 4 | . . . . . . 2 . . . . . . . . . . . . . 1 1 . . . . . . . Combat Hostiles 1 | . . . . . . . . . . . . . . . . . . . . . 1 . . . . . . . Parts Melted 23 | . . . . . . 9 . 7 . . . . 2 . 1 . . . . . 3 . . . 1 . . . Heat Transferred 9636 | . . . . . 629 4181 703 792 . . . 296 225 . 200 . 400 . . . . . . . 1628 259 . 323 Parts Sabotaged 1 | . . . . . . . . . . . . . . . . . . . . . . . . . . . . 1 Parts Stolen . | . . . . . . . . . . . . . . . . . . . . . . . . . . . . . Parts Stripped . | . . . . . . . . . . . . . . . . . . . . . . . . . . . . . Power Chain Reactions 4 | . . . . . . . . 1 . . . . . . . . . . . . . . . . . . . 3 Missiles Intercepted 5 | . . . . . . . . . . . . . . . . . . . . . . . . . . . . 5 Alert | -11 -10 -10 -10 -9 -8 -8 -8 -6 -6 -6 -6 -5 -5 -5 -5 -5 -4 -4 -4 -4 -4 -4 -4 -3 -3 -2 -1 -1 ------- Run | Jun Mat Min Exi Min Mat Sto Rec Fac Low Low Dat Pro Fac Upp Upp Zhi Pro Fac Was Fac Upp Upp War Pro Res Res Acc Com Peak Influence 1149 | . 180 27 . 50 381 434 164 296 . . . . 966 . . . . 88 90 203 . . . . 753 463 239 1149 Initial 709 | . . 27 . . 19 135 64 16 . . . . 709 . . . . 28 30 63 . . . . 74 423 184 108 Average 252 | . 33 27 . 40 205 143 50 99 . . . . 656 . . . . 58 59 91 . . . . 244 328 157 584 Maximum Alert Level 4 | . . . . . 1 2 . 1 . . . . 3 . . . . . . 1 . . . . 3 2 1 4 Low Security (%) 57 | 100 100 100 . 100 43 85 100 82 . . . . . . . . . 100 100 77 . . . . 56 7 65 24 Level 1 19 | . . . . . 56 10 . 17 . . . . 10 . . . . . . 22 . . . . 23 57 34 4 Level 2 14 | . . . . . . 3 . . . . . . 49 . . . . . . . . . . . 18 34 . 35 Level 3 6 | . . . . . . . . . . . . . 39 . . . . . . . . . . . 1 . . 23 Level 4 1 | . . . . . . . . . . . . . . . . . . . . . . . . . . . . 11 Level 5 . | . . . . . . . . . . . . . . . . . . . . . . . . . . . . . High Security . | . . . . . . . . . . . . . . . . . . . . . . . . . . . . . Max Security . | . . . . . . . . . . . . . . . . . . . . . . . . . . . . . Squads Dispatched 54 | . 1 . . . 3 6 . 9 . . . 1 3 . . . . 6 . . . . . . 8 1 2 14 Investigation 10 | . 1 . . . . 2 . 4 . . . . . . . . . 1 . . . . . . . 1 . 1 Extermination 16 | . . . . . . . . 2 . . . . 2 . . . . 1 . . . . . . 6 . 1 4 Reinforcement 18 | . . . . . 3 2 . 3 . . . . 1 . . . . 4 . . . . . . 1 . 1 3 Assault 10 | . . . . . . 2 . . . . . 1 . . . . . . . . . . . . 1 . . 6 Garrison . | . . . . . . . . . . . . . . . . . . . . . . . . . . . . . Intercept . | . . . . . . . . . . . . . . . . . . . . . . . . . . . . . Searches Triggered 3 | . . . . . . . . . . . . . 3 . . . . . . . . . . . . . . . Data Miner Redirects 3 | . . . . . . . . . . . . . . . . . . . . . . . . . . . . 3 Construction Impeded 4 | . . . . . 1 1 . 1 . . . . . . . . . . . . . . . . 1 . . . Haulers Reinforced 4 | . . . . . . . . 2 . . . . 1 . . . . 1 . . . . . . . . . . Active Scanning Responses . | . . . . . . . . . . . . . . . . . . . . . . . . . . . . . Cargo Convoy Interrupts . | . . . . . . . . . . . . . . . . . . . . . . . . . . . . . Stealth | -11 -10 -10 -10 -9 -8 -8 -8 -6 -6 -6 -6 -5 -5 -5 -5 -5 -4 -4 -4 -4 -4 -4 -4 -3 -3 -2 -1 -1 --------- Run | Jun Mat Min Exi Min Mat Sto Rec Fac Low Low Dat Pro Fac Upp Upp Zhi Pro Fac Was Fac Upp Upp War Pro Res Res Acc Com Distress Signals 13 | . . . . . 4 1 1 . . . . 1 . . . . . . . . . . . . . 3 1 2 Communications Jammed 76 | . . . . . . . . . . . . . . . . . . . . . . . . . 67 2 4 3 Distress Signals 73 | . . . . . . . . . . . . . . . . . . . . . . . . . 65 2 4 2 Times Spotted 424 | . 10 . . 2 34 23 7 19 2 6 . 34 7 . 6 . 13 3 6 3 7 5 64 13 45 23 12 80 Peak Tracking Total 12 | . 5 . . 2 7 9 1 4 1 5 . 11 3 . 2 . 8 1 6 2 4 4 12 4 5 11 4 8 Tactical Retreats 26 | . 2 . . . . 1 . 1 1 2 . 5 . . 2 . 1 . 1 . 1 2 2 . 3 . 1 1 Traps | -11 -10 -10 -10 -9 -8 -8 -8 -6 -6 -6 -6 -5 -5 -5 -5 -5 -4 -4 -4 -4 -4 -4 -4 -3 -3 -2 -1 -1 ------- Run | Jun Mat Min Exi Min Mat Sto Rec Fac Low Low Dat Pro Fac Upp Upp Zhi Pro Fac Was Fac Upp Upp War Pro Res Res Acc Com Traps Triggered 13 | . 3 . . . . 1 . 1 . . . . . . . . . 1 . 1 . . . . 2 . . 4 Indirectly 1 | . . . . . . . . . . . . . . . . . . . . . . . . . . . . 1 Trap Hack Attempts . | . . . . . . . . . . . . . . . . . . . . . . . . . . . . . Triggered . | . . . . . . . . . . . . . . . . . . . . . . . . . . . . . Disarmed . | . . . . . . . . . . . . . . . . . . . . . . . . . . . . . Reprogrammed . | . . . . . . . . . . . . . . . . . . . . . . . . . . . . . Reused . | . . . . . . . . . . . . . . . . . . . . . . . . . . . . . Traps Extracted . | . . . . . . . . . . . . . . . . . . . . . . . . . . . . . Installed . | . . . . . . . . . . . . . . . . . . . . . . . . . . . . . Triggered 12 | . . . . . . . . . 2 . . . . . 1 . . . . . . . 9 . . . . . Machines | -11 -10 -10 -10 -9 -8 -8 -8 -6 -6 -6 -6 -5 -5 -5 -5 -5 -4 -4 -4 -4 -4 -4 -4 -3 -3 -2 -1 -1 ---------- Run | Jun Mat Min Exi Min Mat Sto Rec Fac Low Low Dat Pro Fac Upp Upp Zhi Pro Fac Was Fac Upp Upp War Pro Res Res Acc Com Machines Disabled 34 | . . . . . 1 5 . 5 . . . 1 13 . . . . . . . . . . . 5 1 . 3 Max in Single Turn 9 | . . . . . 1 1 . 1 . . . 1 9 . . . . . . . . . . . 1 1 . 1 Garrison Access 4 | . . . . . . . . 2 . . . . 1 . . . . . . . . . . . . 1 . . Machines Repaired . | . . . . . . . . . . . . . . . . . . . . . . . . . . . . . Machines Sabotaged . | . . . . . . . . . . . . . . . . . . . . . . . . . . . . . Overloaded Fab Kills . | . . . . . . . . . . . . . . . . . . . . . . . . . . . . . Hacking | -11 -10 -10 -10 -9 -8 -8 -8 -6 -6 -6 -6 -5 -5 -5 -5 -5 -4 -4 -4 -4 -4 -4 -4 -3 -3 -2 -1 -1 --------- Run | Jun Mat Min Exi Min Mat Sto Rec Fac Low Low Dat Pro Fac Upp Upp Zhi Pro Fac Was Fac Upp Upp War Pro Res Res Acc Com Machines Accessed 79 | . 2 . 2 . 3 4 10 17 . . 4 1 2 . . 4 . 1 . 1 2 1 3 . 12 1 1 8 Terminals 48 | . 2 . . . 3 4 5 10 . . . . 1 . . . . 1 . 1 . . . . 11 1 1 8 Fabricators 5 | . . . . . . . . 4 . . . . . . . . . . . . . . . . 1 . . . Repair Stations 1 | . . . . . . . . 1 . . . . . . . . . . . . . . . . . . . . Recycling Units 5 | . . . . . . . 5 . . . . . . . . . . . . . . . . . . . . . Scanalyzers . | . . . . . . . . . . . . . . . . . . . . . . . . . . . . . Garrison Access 3 | . . . . . . . . 2 . . . . 1 . . . . . . . . . . . . . . . Total Hacks 209 | . 7 . 2 . 11 10 26 46 . . 30 1 2 . . 17 . 2 . 3 2 1 9 . 23 2 2 13 Successful 124 | . 4 . 2 . 6 7 11 19 . . 30 1 1 . . 17 . . . 1 2 1 9 . 8 . 1 4 Failed 84 | . 3 . . . 5 3 14 27 . . . . 1 . . . . 2 . 2 . . . . 15 2 1 9 Catastrophic 19 | . . . . . . 1 1 4 . . . . 1 . . . . . . 1 . . . . 5 1 . 5 Database Lockouts 1 | . . . . . . . 1 . . . . . . . . . . . . . . . . . . . . . Manual 86 | . 7 . 1 . 6 10 13 22 . . . . 1 . . . . 2 . 3 . . 1 . 16 . 1 3 Terminals 117 | . 7 . . . 11 10 15 30 . . . . 1 . . . . 2 . 3 . . . . 21 2 2 13 Fabricators 12 | . . . . . . . . 10 . . . . . . . . . . . . . . . . 2 . . . Repair Stations 2 | . . . . . . . . 2 . . . . . . . . . . . . . . . . . . . . Recycling Units 11 | . . . . . . . 11 . . . . . . . . . . . . . . . . . . . . . Scanalyzers . | . . . . . . . . . . . . . . . . . . . . . . . . . . . . . Garrison Access 5 | . . . . . . . . 4 . . . . 1 . . . . . . . . . . . . . . . Terminal Hacks 93 | . 3 . 2 . 4 6 3 7 . . 30 1 . . . 17 . . . . 2 1 9 . 3 . 1 4 Record 26 | . . . 1 . . . . . . . 11 1 . . . 5 . . . . . . 8 . . . . . Part Schematic 17 | . . . . . . . 1 . . . 12 . . . . 4 . . . . . . . . . . . . Robot Schematic 4 | . . . . . . . . . . . 4 . . . . . . . . . . . . . . . . . Robot Analysis 10 | . 2 . . . . . 1 2 . . . . . . . 4 . . . . . . . . 1 . . . Prototype ID Bank 7 | . . . . . . . . . . . 3 . . . . 4 . . . . . . . . . . . . Open Door 6 | . . . . . . 1 . . . . . . . . . . . . . . 2 1 1 . . . . 1 Level Access Points 1 | . . . . . . . . . . . . . . . . . . . . . . . . . 1 . . . Branch Access Points 2 | . . . . . 1 . . 1 . . . . . . . . . . . . . . . . . . . . Terminal Index 4 | . . . . . 1 1 . 2 . . . . . . . . . . . . . . . . . . . . Alert Level 5 | . . . . . 1 1 1 1 . . . . . . . . . . . . . . . . 1 . . . Unreport Threat 2 | . . . . . . 1 . . . . . . . . . . . . . . . . . . . . 1 . Locate Traps 3 | . . . . . 1 . . . . . . . . . . . . . . . . . . . . . . 2 Recall Investigation 1 | . 1 . . . . . . . . . . . . . . . . . . . . . . . . . . . Zone Layout 3 | . . . . . . 2 . 1 . . . . . . . . . . . . . . . . . . . . EX-Prototype ID Bank 1 | . . . 1 . . . . . . . . . . . . . . . . . . . . . . . . . Disengage Seal 1 | . . . . . . . . . . . . . . . . . . . . . . . . . . . . 1 Fabricator Hacks 4 | . . . . . . . . 3 . . . . . . . . . . . . . . . . 1 . . . Network Status 4 | . . . . . . . . 3 . . . . . . . . . . . . . . . . 1 . . . Repair Station Hacks 2 | . . . . . . . . 2 . . . . . . . . . . . . . . . . . . . . Scan Component 1 | . . . . . . . . 1 . . . . . . . . . . . . . . . . . . . . Repair 1 | . . . . . . . . 1 . . . . . . . . . . . . . . . . . . . . Recycling Unit Hacks 6 | . . . . . . . 6 . . . . . . . . . . . . . . . . . . . . . Retrieve Components 6 | . . . . . . . 6 . . . . . . . . . . . . . . . . . . . . . Scanalyzer . | . . . . . . . . . . . . . . . . . . . . . . . . . . . . . Garrison Access Hacks 3 | . . . . . . . . 2 . . . . 1 . . . . . . . . . . . . . . . Seal Access 3 | . . . . . . . . 2 . . . . 1 . . . . . . . . . . . . . . . Unauthorized Hacks 16 | . 1 . . . 2 1 2 5 . . . . . . . . . . . 1 . . . . 4 . . . Terminals 14 | . 1 . . . 2 1 2 3 . . . . . . . . . . . 1 . . . . 4 . . . Assimilate 2 | . . . . . . . . 1 . . . . . . . . . . . . . . . . 1 . . . Botnet 12 | . 1 . . . 2 1 2 2 . . . . . . . . . . . 1 . . . . 3 . . . Fabricators 2 | . . . . . . . . 2 . . . . . . . . . . . . . . . . . . . . Haulers 2 | . . . . . . . . 2 . . . . . . . . . . . . . . . . . . . . Repair Stations . | . . . . . . . . . . . . . . . . . . . . . . . . . . . . . Recycling Units . | . . . . . . . . . . . . . . . . . . . . . . . . . . . . . Scanalyzers . | . . . . . . . . . . . . . . . . . . . . . . . . . . . . . Garrison Access . | . . . . . . . . . . . . . . . . . . . . . . . . . . . . . Data Cores Recovered 2 | . . . . . . . . . . . . . . . . . . . . . . . . . . . 1 1 Used . | . . . . . . . . . . . . . . . . . . . . . . . . . . . . . Hacking Detections 58 | . 2 . . . 3 5 7 17 . . . . 1 . . . . 1 . 1 . . . . 12 1 1 7 Full Trace Events 8 | . . . . . . 1 . 4 . . . . . . . . . 1 . . . . . . . 1 . 1 Feedback Events 1 | . . . . . . . . . . . . . . . . . . . . . . . . . . 1 . . Corruption 1 | . . . . . . . . . . . . . . . . . . . . . . . . . . 1 . . Feedback Blocked . | . . . . . . . . . . . . . . . . . . . . . . . . . . . . . Robot Schematics Acquired 4 | . . . . . . . . . . . 4 . . . . . . . . . . . . . . . . . Robots Built . | . . . . . . . . . . . . . . . . . . . . . . . . . . . . . Authchips . | . . . . . . . . . . . . . . . . . . . . . . . . . . . . . Time . | . . . . . . . . . . . . . . . . . . . . . . . . . . . . . Total Robot Build Rating . | . . . . . . . . . . . . . . . . . . . . . . . . . . . . . Part Schematics Acquired 17 | . . . . . . . 1 . . . 12 . . . . 4 . . . . . . . . . . . . Parts Built . | . . . . . . . . . . . . . . . . . . . . . . . . . . . . . Authchips . | . . . . . . . . . . . . . . . . . . . . . . . . . . . . . Time . | . . . . . . . . . . . . . . . . . . . . . . . . . . . . . Total Part Build Rating . | . . . . . . . . . . . . . . . . . . . . . . . . . . . . . Parts Repaired 1 | . . . . . . . . 1 . . . . . . . . . . . . . . . . . . . . Time 50 | . . . . . . . . 50 . . . . . . . . . . . . . . . . . . . . Parts Recycled . | . . . . . . . . . . . . . . . . . . . . . . . . . . . . . Recycled Matter . | . . . . . . . . . . . . . . . . . . . . . . . . . . . . . Retrieved Matter . | . . . . . . . . . . . . . . . . . . . . . . . . . . . . . Retrieved Components 11 | . . . . . . . 11 . . . . . . . . . . . . . . . . . . . . . Parts Scanalyzed . | . . . . . . . . . . . . . . . . . . . . . . . . . . . . . Part Schematics Acquired . | . . . . . . . . . . . . . . . . . . . . . . . . . . . . . Parts Damaged . | . . . . . . . . . . . . . . . . . . . . . . . . . . . . . Bothacking | -11 -10 -10 -10 -9 -8 -8 -8 -6 -6 -6 -6 -5 -5 -5 -5 -5 -4 -4 -4 -4 -4 -4 -4 -3 -3 -2 -1 -1 ------------ Run | Jun Mat Min Exi Min Mat Sto Rec Fac Low Low Dat Pro Fac Upp Upp Zhi Pro Fac Was Fac Upp Upp War Pro Res Res Acc Com Used RIF Installer . | . . . . . . . . . . . . . . . . . . . . . . . . . . . . . Robots Hacked 2 | . . . . . . . . . . . . . . . . . . 1 . 1 . . . . . . . . Non-combat 2 | . . . . . . . . . . . . . . . . . . 1 . 1 . . . . . . . . Combat . | . . . . . . . . . . . . . . . . . . . . . . . . . . . . . Robot Hacks Applied 4 | . . . . . . . . . . . . . . . . . . 2 . 2 . . . . . . . . find_fabricator 3 | . . . . . . . . . . . . . . . . . . 1 . 2 . . . . . . . . find_dsf 1 | . . . . . . . . . . . . . . . . . . 1 . . . . . . . . . . Relay Couplers Released 4 | . . . . . . . . . . . . . . . . . . . . . . . . . . 4 . . Machine Destruction 4 | . . . . . . . . . . . . . . . . . . . . . . . . . . 4 . . Fabnet Peak Effective % . | . . . . . . . . . . . . . . . . . . . . . . . . . . . . . Robots Rewired 18 | . . . . . . . 16 . . . . 2 . . . . . . . . . . . . . . . . Allies Hacked . | . . . . . . . . . . . . . . . . . . . . . . . . . . . . . Hacks Repelled . | . . . . . . . . . . . . . . . . . . . . . . . . . . . . . Allies | -11 -10 -10 -10 -9 -8 -8 -8 -6 -6 -6 -6 -5 -5 -5 -5 -5 -4 -4 -4 -4 -4 -4 -4 -3 -3 -2 -1 -1 -------- Run | Jun Mat Min Exi Min Mat Sto Rec Fac Low Low Dat Pro Fac Upp Upp Zhi Pro Fac Was Fac Upp Upp War Pro Res Res Acc Com Total Allies 26 | . . . . . . 2 16 4 . . . 3 . . . . . . . . . . . . 1 . . . Largest Group 13 | . . . . . . 2 12 13 . . . 2 1 . . . . . . . . . . . 1 . . . Highest-Rated Group 304 | . . . . . . 62 253 304 . . . 96 30 . . . . . . . . . . . 26 . . . Highest-Rated Ally 96 | . . . . . . 31 34 34 . . . 96 30 . . . . . . . . . . . 26 . . . Total Orders 2 | . . . . . . . . 2 . . . . . . . . . . . . . . . . . . . . STAY 1 | . . . . . . . . 1 . . . . . . . . . . . . . . . . . . . . FOLLOW 1 | . . . . . . . . 1 . . . . . . . . . . . . . . . . . . . . Ally Attacks 116 | . . . . . . 8 22 55 . . . 27 4 . . . . . . . . . . . . . . . Total Damage 3432 | . . . . . . 170 790 1513 . . . 761 198 . . . . . . . . . . . . . . . Kills 28 | . . . . . . 1 7 14 . . . 4 2 . . . . . . . . . . . . . . . Allies Corrupted . | . . . . . . . . . . . . . . . . . . . . . . . . . . . . . Allies Melted 4 | . . . . . . . . . . . . . 1 . . . . . . . . . 1 . . 2 . . Intel | -11 -10 -10 -10 -9 -8 -8 -8 -6 -6 -6 -6 -5 -5 -5 -5 -5 -4 -4 -4 -4 -4 -4 -4 -3 -3 -2 -1 -1 ------- Run | Jun Mat Min Exi Min Mat Sto Rec Fac Low Low Dat Pro Fac Upp Upp Zhi Pro Fac Was Fac Upp Upp War Pro Res Res Acc Com Robot Analysis Total 10 | . 2 . . . . . 1 2 . . . . . . . 4 . . . . . . . . 1 . . . Derelict Logs Recovered 10 | . . 1 . . . . . . 2 1 . 3 . . . . . . . . 2 1 . . . . . . Drone Launches . | . . . . . . . . . . . . . . . . . . . . . . . . . . . . . Drone Recoveries . | . . . . . . . . . . . . . . . . . . . . . . . . . . . . . Exploration | -11 -10 -10 -10 -9 -8 -8 -8 -6 -6 -6 -6 -5 -5 -5 -5 -5 -4 -4 -4 -4 -4 -4 -4 -3 -3 -2 -1 -1 ------------- Run | Jun Mat Min Exi Min Mat Sto Rec Fac Low Low Dat Pro Fac Upp Upp Zhi Pro Fac Was Fac Upp Upp War Pro Res Res Acc Com Turns Passed 22347 | 38 597 175 262 76 1435 1420 1419 2129 452 308 72 992 1011 449 423 247 332 281 76 594 575 568 1280 687 2276 1204 566 2403 Spaces Moved 17757 | 30 425 88 209 32 828 498 773 1805 446 268 79 670 655 295 441 177 302 321 115 502 380 512 963 449 1954 1176 756 2608 Core 8 | 1 1 . . . . . . . . . . . . . . . . . . . . . . . . . . 6 Treads 2704 | . . . . 5 115 498 424 240 . . . 134 . . . . . . . 27 380 7 50 . . . . 824 Legs 7227 | . . . . . . . 296 1362 446 268 79 536 655 295 89 . . . . . . 505 641 365 467 526 341 356 Wheels 2820 | 29 424 88 209 27 713 . 53 . . . . . . . . . . . . . . . . . 451 504 . 322 Hover 2798 | . . . . . . . . 203 . . . . . . . . 165 321 115 475 . . 272 84 982 96 . 85 Flight 2200 | . . . . . . . . . . . . . . . 352 177 137 . . . . . . . 54 50 415 1015 Fastest Speed 34 | 50 80 125 125 115 130 160 79 63 92 92 92 92 131 138 48 48 64 64 64 47 87 87 103 121 40 39 44 34 Average Speed 89 | 85 108 125 125 134 134 160 131 79 92 92 92 101 134 138 66 105 83 64 64 63 119 102 107 134 75 57 51 57 Slowest Speed 250 | 95 250 125 125 240 240 160 240 121 92 92 92 131 138 138 138 106 106 64 64 87 135 103 151 152 121 89 60 162 Overloaded Moves . | . . . . . . . . . . . . . . . . . . . . . . . . . . . . . Propulsion Burnouts . | . . . . . . . . . . . . . . . . . . . . . . . . . . . . . Robots Hopped 3 | . . . . . . . . . . . . . . . . . . . . . . . . . . . . 3 Cave-ins Triggered . | . . . . . . . . . . . . . . . . . . . . . . . . . . . . . Exploration Rate (%) 49 | 3 49 19 60 9 43 50 99 49 63 47 74 71 17 56 51 61 54 9 78 9 59 72 96 71 48 42 23 51 Regions Visited 28 Branch Regions 18 Pre-discovered Areas 6 | . . . 1 . . . . . . . 1 1 . . . 3 . . . . . . . . . . . . Known Exits Taken 16 | . . . . . 1 . . 1 . . . 1 1 1 1 1 1 . . 1 1 1 1 1 1 1 1 . Unknown Exits Taken 10 | 1 1 1 1 1 . 1 1 . 1 1 1 . . . . . . . . . . . . . . . . . Scrap Searched 17 | . . . . . . . . . 4 . . 4 . 1 1 . 1 . . . 1 2 . 3 . . . . Spaces Dug 219 | . . . . . 11 28 . 23 9 . . . 4 . 11 . 4 4 . 19 2 18 . 3 33 6 13 31 Terrain Destroyed 783 | . 14 . . . 42 61 . 37 9 20 . 21 38 . 29 . 13 5 . 22 8 65 5 33 73 11 20 257 Melee 86 | . . . . . 11 7 . 22 9 . . . 4 . . . 3 . . . . 2 . 1 10 2 6 9 Projectile 248 | . . . . . . 9 . 10 . 6 . 5 6 . 29 . 10 5 . 22 8 21 5 13 47 9 14 29 AOE 449 | . 14 . . . 31 45 . 5 . 14 . 16 28 . . . . . . . . 42 . 19 16 . . 219 Terrain Rammed . | . . . . . . . . . . . . . . . . . . . . . . . . . . . . . Walls Destroyed . | . . . . . . . . . . . . . . . . . . . . . . . . . . . . . Machines Disabled . | . . . . . . . . . . . . . . . . . . . . . . . . . . . . . Actions | -11 -10 -10 -10 -9 -8 -8 -8 -6 -6 -6 -6 -5 -5 -5 -5 -5 -4 -4 -4 -4 -4 -4 -4 -3 -3 -2 -1 -1 --------- Run | Jun Mat Min Exi Min Mat Sto Rec Fac Low Low Dat Pro Fac Upp Upp Zhi Pro Fac Was Fac Upp Upp War Pro Res Res Acc Com Total 22591 | 39 528 152 210 46 1053 958 1117 2382 470 299 78 869 745 325 510 235 355 387 117 743 460 536 1189 494 2517 1664 895 3218 Wait 3016 | . 48 64 . 4 92 301 86 465 10 13 . 96 59 19 25 50 34 43 3 195 45 7 149 11 369 413 99 316 Move 17725 | 29 424 87 208 31 827 497 772 1804 445 267 78 669 654 294 440 176 301 321 114 501 379 511 963 448 1953 1175 755 2602 Hop 3 | . . . . . . . . . . . . . . . . . . . . . . . . . . . . 3 Pick Up 128 | 4 14 . 1 . 20 9 2 9 1 . . 7 3 1 2 2 1 2 . 1 2 . 12 . 11 7 . 17 Fast Attach 99 | 6 5 . . 1 3 15 1 8 . . . 5 2 . . 2 . 2 . 2 . . 10 1 8 11 1 16 Attach 44 | . . . . . 4 1 1 1 . . . 4 1 . 2 . . 3 . . . . 1 1 6 2 2 15 Detach 11 | . 2 . . . . 1 . 2 . . . . . . . . . 1 . . . . . . 2 1 . 2 Swap 135 | . 7 1 . 1 21 11 4 6 . 2 . 5 5 5 2 1 1 1 . 7 8 2 6 3 14 3 2 17 Drop 188 | . 9 . 1 . 25 27 13 13 1 . . 8 2 . . 3 2 2 . 3 2 . 25 . 13 17 1 21 Fire 761 | . 19 . . 9 48 79 13 33 3 10 . 63 13 . 39 . 13 10 . 31 24 13 23 29 108 28 25 128 Melee 270 | . . . . . 13 17 30 38 10 7 . . 5 6 . 1 3 2 . 3 . 3 . 1 33 7 10 81 Ram . | . . . . . . . . . . . . . . . . . . . . . . . . . . . . . Kick 1 | . . . . . . . . . . . . . 1 . . . . . . . . . . . . . . . Crush . | . . . . . . . . . . . . . . . . . . . . . . . . . . . . . Escape Stasis . | . . . . . . . . . . . . . . . . . . . . . . . . . . . . . Rewire 210 | . . . . . . . 195 3 . . . 12 . . . . . . . . . . . . . . . . Trap . | . . . . . . . . . . . . . . . . . . . . . . . . . . . . . Miscellaneous . | . . . . . . . . . . . . . . . . . . . . . . . . . . . . . Route ------- -11/Junkyard -10/Materials (discovered 2 exits: [*Mat] / [*Min]) -10/Mines -10/Exiles (discovered 2 exits: [*Min x2]) -9/Mines -8/Materials (discovered 3 exits: [*Fac] / *Sto x2) -8/Storage -8/Recycling -6/Factory (discovered 4 exits: *Fac x2 / *Low x2) -6/Lower Caves -6/Lower Caves (discovered 2 exits: Fac / *Dat) -6/Data Miner -5/Proximity Caves -5/Factory (discovered 2 exits: Fac / *Upp) -5/Upper Caves -5/Upper Caves -5/Zhirov -4/Proximity Caves -4/Factory -4/Waste -4/Factory -4/Upper Caves -4/Upper Caves (discovered 2 exits: *Res / *War) -4/Warlord -3/Proximity Caves -3/Research (discovered 5 exits: *Res x3 / *Qua x2) -2/Research -1/Access -1/Command History --------- Turn | Location | Event 18 | -11/Junkyard | Discovered new exit (range 16) 39 | -11/Junkyard | Entered Materials 134 | -10/Materials | Discovered new exit (range 7) 315 | -10/Materials | Build established: Mutant 545 | -10/Materials | Discovered new exit (range 8) 636 | -10/Materials | Entered Mines 661 | -10/Mines | Assembled infested the area 699 | -10/Mines | Deemed a non-threat by the Exiles lab entrance 699 | -10/Mines | Discovered new exit (range 5) 789 | -10/Mines | Learned Materials garrison access intel 811 | -10/Mines | Entered Exiles 830 | -10/Exiles | Discovered new exit (range 15) 843 | -10/Exiles | Met 8R-AWN 863 | -10/Exiles | Met EX-HEX 896 | -10/Exiles | Met EX-BIN 911 | -10/Exiles | Aligned with FarCom system 913 | -10/Exiles | Given EX-Vault access code 941 | -10/Exiles | Opened EX-Vault 953 | -10/Exiles | Found Trap Reconfigurator 980 | -10/Exiles | Warned to stay clear of 0b10 Research branches 1018 | -10/Exiles | Met EX-DEC 1023 | -10/Exiles | Learned location of Zion (-7) 1059 | -10/Exiles | Discovered new exit (range 14) 1073 | -10/Exiles | Left Exiles lab with Trap Reconfigurator 1073 | -10/Exiles | Entered Mines 1132 | -9/Mines | Discovered new exit (range 16) 1149 | -9/Mines | Entered Materials 1149 | -8/Materials | Evolved 4 slots: Propulsion x1, Utility x3 1526 | -8/Materials | Destroyed 11 combat bots 1685 | -8/Materials | Discovered new exit (range 12) 1737 | -8/Materials | Discovered new exit (range 12) 1959 | -8/Materials | Discovered new exit (range 10) 1994 | -8/Materials | Build established: Scavenger-Mutant 2327 | -8/Materials | Destroyed 7 combat bots 2407 | -8/Materials | Identified exit to Storage 2584 | -8/Materials | Entered Storage 2716 | -8/Storage | Met a pair of Derelict thieves 2858 | -8/Storage | Destroyed 7 combat bots 2930 | -8/Storage | Build established: Mutant 3996 | -8/Storage | Used back door to open Recycling access 3996 | -8/Storage | Discovered new exit (range 5) 4004 | -8/Storage | Entered Recycling 4015 | -8/Recycling | Found Scrap Engine 4355 | -8/Recycling | Discovered new exit (range 7) 4977 | -8/Recycling | Build established: Commander-Construct 5423 | -8/Recycling | Entered Factory 5423 | -6/Factory | Accompanied by 10 allies 5423 | -6/Factory | Evolved 4 slots: Propulsion x1, Utility x2, Weapon x1 5585 | -6/Factory | Allied Derelicts emerged from ambush trap array 5671 | -6/Factory | P-60 Hacker assimilated allied Defender 3f 5792 | -6/Factory | Spotted B-75 Beast 6039 | -6/Factory | Repaired Power Sword 6179 | -6/Factory | Discovered new exit (range 10) 6206 | -6/Factory | Build established: Construct 6320 | -6/Factory | Discovered new exit (range 17) 6784 | -6/Factory | Identified exit to Lower Caves 7375 | -6/Factory | Discovered new exit (range 22) 7552 | -6/Factory | Entered Lower Caves 7905 | -6/Lower Caves | Spotted B-75 Beast 7963 | -6/Lower Caves | Learned Factory stockpile data 7992 | -6/Lower Caves | Discovered new exit (range 12) 8004 | -6/Lower Caves | Entered another Lower Caves area 8006 | -6/Lower Caves | Attracted the attention of an 0b10 checkpoint 8010 | -6/Lower Caves | Spotted B-75 Beast 8136 | -6/Lower Caves | Identified exit to Factory 8291 | -6/Lower Caves | Discovered new exit (range 8) 8312 | -6/Lower Caves | Entered Data Miner 8312 | -6/Data Miner | Discovered new exit (range 6) 8324 | -6/Data Miner | Met Data Miner 8347 | -6/Data Miner | Learned location of Section 7 (-3) 8347 | -6/Data Miner | Acquired the access code to Warlord's prototype stash 8364 | -6/Data Miner | Received God Mode back door access code from Data Miner 8384 | -6/Data Miner | Entered Proximity Caves 8386 | -5/Proximity Caves | Spotter reported a threat 8433 | -5/Proximity Caves | Learned 12 Factory zone layouts 8445 | -5/Proximity Caves | Escorted by Enhanced Grunt 8624 | -5/Proximity Caves | Attracted the attention of an 0b10 outpost 8625 | -5/Proximity Caves | Spotter reported a threat 8717 | -5/Proximity Caves | Spotter reported a threat 8780 | -5/Proximity Caves | Learned location of 1 exit from Factory 8801 | -5/Proximity Caves | Spotter reported a threat 8865 | -5/Proximity Caves | Found Prototype Device 8865 | -5/Proximity Caves | Identified Exp. Thermal Shield 9123 | -5/Proximity Caves | Spotted B-75 Beast 9164 | -5/Proximity Caves | Allies destroyed B-75 Beast 9232 | -5/Proximity Caves | Discovered exit to Factory (range 16) 9286 | -5/Proximity Caves | Found Alien Artifact 9286 | -5/Proximity Caves | Identified Dimensional Node Initializer 9286 | -5/Proximity Caves | Initialized slip node 9376 | -5/Proximity Caves | Entered Factory 9376 | -5/Factory | Accompanied by 1 ally 9376 | -5/Factory | Evolved 2 slots: Power x1, Utility x1 9377 | -5/Factory | Identified exit to Upper Caves 9378 | -5/Factory | Identified exit to Factory 9676 | -5/Factory | Search patrols dispatched 9976 | -5/Factory | Search patrols dispatched 10276 | -5/Factory | Search patrols dispatched 10387 | -5/Factory | Entered Upper Caves 10742 | -5/Upper Caves | Discovered new exit (range 13) 10834 | -5/Upper Caves | Identified exit to Upper Caves 10836 | -5/Upper Caves | Entered another Upper Caves area 11249 | -5/Upper Caves | Discovered new exit (range 7) 11258 | -5/Upper Caves | Identified exit to Zhirov 11259 | -5/Upper Caves | Entered Zhirov 11259 | -5/Zhirov | Discovered new exit (range 3) 11278 | -5/Zhirov | Met Zhirov 11301 | -5/Zhirov | Learned location of Quarantine (-3) 11301 | -5/Zhirov | Learned location of Testing (-2) 11301 | -5/Zhirov | Learned location of Command (-1) 11308 | -5/Zhirov | Zhirov requested help retrieving the SGEMP Prototype 11325 | -5/Zhirov | Found Alien Artifact 11325 | -5/Zhirov | Identified Integrated Reactor 11325 | -5/Zhirov | Installed Integrated Reactor, increased core energy generation (+10) 11342 | -5/Zhirov | Found Alien Artifact 11477 | -5/Zhirov | Identified exit to Proximity Caves 11506 | -5/Zhirov | Entered Proximity Caves 11769 | -4/Proximity Caves | Ambushed by research squad 11827 | -4/Proximity Caves | Discovered exit to Factory (range 18) 11838 | -4/Proximity Caves | Entered Factory 11838 | -4/Factory | Evolved 2 slots: Propulsion x1, Utility x1 11863 | -4/Factory | Lost 4 parts (1p1u2w) 11974 | -4/Factory | Spotted B-86 Titan 12119 | -4/Factory | Sucked down chute 12119 | -4/Factory | Entered Waste 12132 | -4/Waste | Spotted C-40 Crusher 12143 | -4/Waste | Spotted C-40 Crusher 12144 | -4/Waste | Build established: Mutant 12165 | -4/Waste | Spotted C-40 Crusher 12171 | -4/Waste | Spotted C-40 Crusher 12181 | -4/Waste | Spotted C-40 Crusher 12187 | -4/Waste | Discovered new exit (range 13) 12187 | -4/Waste | Spotted C-40 Crusher 12195 | -4/Waste | Identified exit to Factory 12195 | -4/Waste | Entered Factory 12281 | -4/Factory | Spotted B-86 Titan 12319 | -4/Factory | Discovered new exit (range 18) 12415 | -4/Factory | Identified exit to Upper Caves 12497 | -4/Factory | Build established: Construct 12789 | -4/Factory | Entered Upper Caves 12849 | -4/Upper Caves | Learned 4 Research zone layouts 13091 | -4/Upper Caves | Learned Research stockpile data 13351 | -4/Upper Caves | Discovered new exit (range 10) 13359 | -4/Upper Caves | Identified exit to Upper Caves 13364 | -4/Upper Caves | Entered another Upper Caves area 13470 | -4/Upper Caves | Discovered new exit (range 7) 13476 | -4/Upper Caves | Identified exit to Research 13697 | -4/Upper Caves | Identified exit to Warlord 13932 | -4/Upper Caves | Entered Warlord 14204 | -4/Warlord | Found Prototype Special Weapon 14204 | -4/Warlord | Identified RU-N14's Throwing Claymores v3 14209 | -4/Warlord | Found RU-N14's Throwing Claymores v3 14212 | -4/Warlord | Found RU-N14's Throwing Claymores v3 14214 | -4/Warlord | Found RU-N14's Throwing Claymores v3 14217 | -4/Warlord | Found RU-N14's Throwing Claymores v3 14280 | -4/Warlord | Met Warlord 14289 | -4/Warlord | Opened Warlord's prototype stash 14303 | -4/Warlord | Warlord's base attacked by MAIN.C 14450 | -4/Warlord | Found Prototype Piercing Weapon 14450 | -4/Warlord | Identified Vortex Lance 14459 | -4/Warlord | Found Vortex Lance 14622 | -4/Warlord | Spotted B-86 Titan 14639 | -4/Warlord | Spotted Striker 14653 | -4/Warlord | Warlord forces counterattacked 14666 | -4/Warlord | Destroyed Striker 14708 | -4/Warlord | Spotted Striker 14751 | -4/Warlord | P-70 Sage assimilated allied DG-LG1(g) 14787 | -4/Warlord | Spotted Striker 14865 | -4/Warlord | Spotted Striker 14952 | -4/Warlord | Spotted Executioner 14978 | -4/Warlord | Warlord base infiltrated, sounded retreat 15067 | -4/Warlord | Found Prototype Device 15067 | -4/Warlord | Identified Exp. Shock Absorption System 15154 | -4/Warlord | Spotted Executioner 15160 | -4/Warlord | Spotted Executioner 15186 | -4/Warlord | Discovered new exit (range 13) 15203 | -4/Warlord | Spotted Executioner 15203 | -4/Warlord | Spotted Striker 15211 | -4/Warlord | Identified exit to Proximity Caves 15212 | -4/Warlord | Entered Proximity Caves 15409 | -3/Proximity Caves | Attracted the attention of an 0b10 checkpoint 15493 | -3/Proximity Caves | Destroyed 7 combat bots 15803 | -3/Proximity Caves | Spotted B-86 Titan 15883 | -3/Proximity Caves | Discovered exit to Research (range 13) 15899 | -3/Proximity Caves | Entered Research 15899 | -3/Research | Evolved 2 slots: Utility x1, Weapon x1 15900 | -3/Research | Identified exit to Research 15900 | -3/Research | Identified exit to Quarantine 16384 | -3/Research | Spotted B-86 Titan 16802 | -3/Research | Found Prototype Slashing Weapon 16802 | -3/Research | Identified Vibroblade 17302 | -3/Research | Found Fusion Bomb Launcher 17877 | -3/Research | Spotted B-86 Titan 17978 | -3/Research | Discovered exit to Quarantine (range 3) 18149 | -3/Research | First assault squad dispatched 18175 | -3/Research | Entered another Research area 18175 | -2/Research | Warlord forces began assault on 0b10 18175 | -2/Research | Evolved 2 slots: Propulsion x1, Utility x1 18285 | -2/Research | Research machine network offline 18411 | -2/Research | Spotted B-90 Cyclops 18449 | -2/Research | Found Fusion Bomb Launcher 18460 | -2/Research | Found Prototype Launcher 18460 | -2/Research | Identified Com. Tesla Bomb Launcher 18499 | -2/Research | Borebot progress halted 18614 | -2/Research | Met up with Warlord 18744 | -2/Research | Borebot progress halted 19022 | -2/Research | Spotted Striker 19022 | -2/Research | Spotted Executioner 19038 | -2/Research | Spotted B-90 Cyclops 19043 | -2/Research | Found Prototype Processor 19043 | -2/Research | Identified Exp. Melee Analysis Suite 19165 | -2/Research | Found Prototype Device 19165 | -2/Research | Identified Adv. Kinecellerator 19168 | -2/Research | Found Prototype Processor 19168 | -2/Research | Identified Exp. Targeting Computer 19171 | -2/Research | Found Prototype Processor 19258 | -2/Research | Warlord invited to help at Command 19264 | -2/Research | Spotted Striker 19334 | -2/Research | Discovered new exit (range 12) 19376 | -2/Research | Spotted Executioner 19377 | -2/Research | Spotted Executioner 19378 | -2/Research | Spotted Executioner 19378 | -2/Research | Spotted Executioner 19379 | -2/Research | Identified exit to Access 19379 | -2/Research | Entered Access 19379 | -1/Access | Evolved 2 slots: Utility x2 19439 | -1/Access | Build established: Scavenger-Construct 19528 | -1/Access | Found Prototype Processor 19528 | -1/Access | Identified Exp. Core Analyzer (x2) 19756 | -1/Access | Spotted B-99 Colossus 19938 | -1/Access | Discovered new exit (range 7) 19941 | -1/Access | Identified exit to Command 19945 | -1/Access | Entered Command 20683 | -1/Command | Destroyed 7 combat bots 20758 | -1/Command | Disengaged cave seal 20758 | -1/Command | Derelicts emerged from the dark tunnel 20758 | -1/Command | Welcomed Warlord to Command 21079 | -1/Command | Found Prototype Device 21079 | -1/Command | Identified Beam Splitter 21195 | -1/Command | First assault squad dispatched 21577 | -1/Command | Destroyed 8 combat bots 21582 | -1/Command | Warlord commented on Warlord statues 21586 | -1/Command | Spotted M Guard 21587 | -1/Command | Spotted M Guard 21596 | -1/Command | Spotted Combat Programmer 21596 | -1/Command | Spotted Combat Programmer 21597 | -1/Command | Combat Programmer assimilated allied WX-GJW(L) 21598 | -1/Command | Combat Programmer assimilated allied 8M-BSH(g) 21600 | -1/Command | Combat Programmer assimilated allied KA-GXM(g) 21601 | -1/Command | Spotted WX-GJW(L) 21607 | -1/Command | Destroyed WX-GJW(L) 21616 | -1/Command | Destroyed Combat Programmer 21639 | -1/Command | Destroyed Combat Programmer 21645 | -1/Command | Destroyed M Guard 21645 | -1/Command | All MAIN.C guards destroyed 21711 | -1/Command | Incoming assault squad redirected 21723 | -1/Command | Incoming assault squad redirected 21760 | -1/Command | Destroyed 7 combat bots 21990 | -1/Command | Incoming assault squad redirected 22148 | -1/Command | Met MAIN.C 22151 | -1/Command | Warlord shut down involuntarily 22156 | -1/Command | 0b10 Conduit disabled 22158 | -1/Command | System corruption reached 10% 22250 | -1/Command | Destroyed MAIN.C Shell 22253 | -1/Command | MAIN.C activated Command garrisons 22331 | -1/Command | Core integrity fell below 50% 22343 | -1/Command | Core integrity fell below 20% 22348 | -1/Command | Destroyed by MAIN.C with Omega Cannon Last Messages --------------- 22323_ Knocked back. 22333_ System corrupted: Component data lost. 22333_ Vortex Lance follow-up attack on MAIN.C. 22333_ Myomer-Antigrav Exoskeleton destroyed. 22333_ Myomer-Antigrav Exoskeleton core remains intact and functional. 22333_ Vortex Lance destroyed. 22333_ Exp. Targeting Computer destroyed. 22333_ Knocked back. 22336_ Myomer-Antigrav Exoskeleton destroyed. 22336_ Knocked back. 22337_ Vortex Lance implodes. 22339_ Knocked back. 22340_ Dropped Adv. Heat Sink. 22341_ Acquired Alien Artifact. 22342_ Extracted 1 energy. 22342_ Slug penetrates Reinforced Barrier. 22342_ Knocked back. 22343_ Acquired RU-N14's Throwing Claymores v3. 22345_ Knocked back. 22346_ Acquired 10 matter. Map ----- +----------------------------------------------------+ | ?????????????????????????????????????????????????? | | ?????????????????????????????????????????????????? | | ?????????????????????????????????????????????????? | | ?????????????????????????????????????????????????? | | ?????????????????????????????????????????????????? | | ?????????????????????????????????????????????????? | | ?????????????????????????????????????????????????? | | ?????????????????????????????????????????????????? | | ?????????????????????????????????????????????????? | | ?????????????????????????????????????????????????? | | ?????????????????????????????????????????????????? | | ?????????????????????????????????????????????????? | | ?????????????????????????????????????????????????? | | ????????????????????###################??????????? | | ???????????????????"""" " #??????????? | | ??????????????????? #??????????? | | ???????????????????? ############ | | ????????????????#"""" / | | ????????????????#" / | | ????????????????#"" " ph | | ????????????????#"" "" p ############ | | ????????????????# " """ %% #??????????? | | ????????????????# " M! ! #??????????? | | ????????????????# " |!=% "#??????????? | | ????????????????#""""" % |!! ""#??????????? | | ????????????????#"" %@%% % " """#??????????? | | ????????????????# % % % """#??????????? | | ????????BB??????# % #??????????? | | ????????BB??????# #??????????? | | ????????????????" " " #??????????? | | ????????????????" " " #??????????? | | ????????????????" " " " #??????????? | | ????????????????# """" " " " #??????????? | | ????????????????# """ " """"""#??????????? | | ????????????????# """ " " " #??????????? | | ????????????????######?################??????????? | | ?????????????????????????????????????????????????? | | ?????????????????????????????????????????????????? | | ?????????????????????????????????????????????????? | | ?????????????????????????????????????????????????? | | ?????????????????????????????????????????????????? | | ?????????????????????????????????????????????????? | | ?????????????????????????????????????????????????? | | ?????????????????????????????????????????????????? | | ?????????????????????????????????????????????????? | | ?????????????????????????????????????????????????? | | ?????????????????????????????????????????????????? | | ?????????????????????????????????????????????????? | | ?????????????????????????????????????????????????? | | ?????????????????????????????????????????????????? | +----------------------------------------------------+ Best States ------------- Heat Dissipation 118 Coolant Potential 200 Energy Generation 75 Energy Capacity 1378 Matter Stores 300 Matter Capacity 300 Sight Range 22 Terrain Scan Density 10 Jamming Range 14 Additional Mass Support 16 Armor Coverage 225 Resistance: TH 75 Resistance: EM 25 Point Defense Rating 160 Weapon Cycling 25 Melee Speed Boost 20 Phase Shifting 15 Evasion (%) 71 Targeting Accuracy 20 Melee Accuracy 8 Core Analysis 8 Armor Integrity Analysis 40 Recoil Reduction 6 Energy Filtering 50 Particle Charging 20 Kinecelleration 50 Offensive Hacking 24 Item Schematics ----------------- Hrd. Medium Armor Plating | -8/Recycling | Hacked Combat Drone Bay | -6/Data Miner | Free Lgt. Regenerative Plating | -6/Data Miner | Free Cld. Gravmag System | -6/Data Miner | Free Imp. Energy Well | -6/Data Miner | Free Imp. KE Penetrator | -6/Data Miner | Free Imp. Antigrav System | -6/Data Miner | Free Adv. Reaction Control System | -6/Data Miner | Free Hvy. Gauss Cannon | -6/Data Miner | Free Field Propulsion Drive | -6/Data Miner | Free Hardcell Cannon | -6/Data Miner | Free Imp. Heavy Siege Treads | -6/Data Miner | Free Nova Cannon | -6/Data Miner | Free Assault Drone Bay | -5/Zhirov | Free Exp. Heat Sink | -5/Zhirov | Free Exp. Optical Array | -5/Zhirov | Free Imp. Arc Thrower | -5/Zhirov | Free Robot Schematics ------------------ Y-64 Sentinel | -6/Data Miner | Free A-15 Conveyor | -6/Data Miner | Free G-50 Soldier | -6/Data Miner | Free R-10 Processor | -6/Data Miner | Free Fabricated ------------ Nothing Alien Tech Used ----------------- Dimensional Node Initializer Integrated Reactor Achievements -------------- None Challenges ------------ None Game ------ Seed OmegaIntegrityLaser Manual? 0 Play Time 03:31:25 Cumulative 1183.6 hours Start 2023.04.18 @ 23:58:29 End 2023.04.19 @ 22:09:24 Sessions 7 Manual Loads 0 Difficulty Rogue Special Mode None Game No. 861 Rogue 821 Adventurer 40 Explorer 0 Win Type - Total 136 Types 65/5/42/2/1/4/14/2/1 Lore% 90 Gallery% 96 Achievement% 80 Wizard Run 0 Options --------- ASCII 0 Keyboard 0 Movement Numpad Keybinds 0 Fullscreen 0 Font 20/Terminus Map View 76x50 Tactical HUD 1 Map Filters NONE Filters NONE Steam 1 RUN: 564dfab3-11ab-4775-bb5d-65e63c696e66